 Dungeon Crawl Stone Soup version 0.17-a0-737-gf0a300a (console) character file.

47 Monkaria the Slasher (level 3, -1/29 HPs)
             Began as a Demonspawn Chaos Knight on Apr 29, 2015.
             Slain by a giant frog (8 damage)
             ... on level 3 of the Dungeon.
             The game lasted 00:01:48 (1709 turns).

Monkaria the Slasher (Demonspawn Chaos Knight)      Turns: 1709, Time: 00:01:49

Health: -1/29      AC:  6    Str: 13    XL:     3   Next: 48%
Magic:  0/3        EV: 11    Int: 13    God:    Xom [.*....]
Gold:   100        SH:  0    Dex: 12    Spells: 0 memorised, 2 levels left

rFire  . . .     SeeInvis .     a - +0 falchion (chaos)
rCold  . . .     Clarity  .     b - +2 leather armour
rNeg   . . .     SustAb   .     (no shield)
rPois  .         Gourm    .     (no helmet)
rElec  .         Spirit   +     h - +0 cloak
rCorr  .         Warding  .     (no gloves)
rMut   .         Stasis   .     (no boots)
MR     .....                    (no amulet)
Stlth  +.........               (no ring)
                                (no ring)

@: not resistant to hostile enchantments, very unstealthy
A: magic shield
a: Renounce Religion


You were on level 3 of the Dungeon.
You worshipped Xom.
You were a plaything of Xom.
You were very hungry.

You visited 1 branch of the dungeon, and saw 3 of its levels.

You collected 100 gold pieces.

Inventory:

Hand weapons
 a - a +0 falchion of chaos (weapon)
Armour
 b - a +2 leather armour (worn)
 h - a +0 cloak (worn)
Scrolls
 d - 7 scrolls of identify {unknown}
 f - a scroll of recharging {unknown}
 g - 2 scrolls of teleportation {unknown}
 j - a scroll of fear {unknown}
Potions
 e - a potion of curing {unknown}
 i - a potion of resistance {unknown}
 l - a potion of invisibility {unknown}
 m - a potion of might {unknown}
Comestibles
 c - 4 bread rations
 k - 2 meat rations


   Skills:
 - Level 3.3 Fighting
 + Level 3.7 Long Blades
 - Level 2.0 Armour
 - Level 1.0 Dodging


You had 2 spell levels left.
You didn't know any spells.

Dungeon Overview and Level Annotations

Branches:
Dungeon (3/15)

Altars:
Cheibriados
Elyvilon
Fedhas
Gozag
Okawaru
Sif Muna


Innate Abilities, Weirdness & Mutations

When hurt, damage is shared between your health and your magic reserves.


Message History

You hit the giant frog.
The giant frog is moderately wounded.
The giant frog hits you.
You hit the giant frog. You burn the giant frog.
The giant frog is heavily wounded.
The giant frog closely misses you. The giant frog hits you!
You barely miss the giant frog.
The giant frog is heavily wounded.
The giant frog hits you but does no damage.
The giant frog barely misses you.
You closely miss the giant frog.
The giant frog is heavily wounded.
The giant frog hits you.
You barely miss the giant frog.
The giant frog is heavily wounded.
The giant frog hits you.
* * * LOW HITPOINT WARNING * * *
The giant frog hits you!
You die...
Xom snickers!

## . .. ...
.#..... ##
.#.#... #.
.......
###.#.....###
#...@F.......
###.##.......
#. ....# #.
...# ## ... #


You could see a giant frog.

Vanquished Creatures
  2 adders (D:2)
  An ooze (D:1)
  4 giant cockroaches
  4 goblins
  3 hobgoblins
  2 kobolds
  A quokka (D:2)
  A ball python (D:2)
  4 bats
  A giant newt (D:2)
  3 rats (D:1)
26 creatures vanquished.

Notes
Turn   | Place    | Note
--------------------------------------------------------------
     0 | D:1      | Monkaria, the Demonspawn Chaos Knight, began the quest for the Orb.
     0 | D:1      | Reached XP level 1. HP: 18/18 MP: 1/1
    72 | D:1      | XOM: divination: detect creatures
   142 | D:1      | XOM: silly message
   267 | D:1      | Gained mutation: When hurt, damage is shared between your health and your magic reserves. [demonic ancestry]
   267 | D:1      | Reached XP level 2. HP: 22/24 MP: 2/2
   327 | D:1      | XOM: divination: detect creatures
   519 | D:1      | XOM: harmless Hex miscast
   559 | D:1      | Reached skill level 1 in Dodging
   597 | D:1      | XOM: harmless Fire miscast
   626 | D:1      | XOM: harmless Chrm miscast
   834 | D:2      | Reached XP level 3. HP: 16/29 MP: 0/3
  1091 | D:2      | Found a blossoming altar of Fedhas.
  1092 | D:2      | Found an iron altar of Okawaru.
  1092 | D:2      | Found a white marble altar of Elyvilon.
  1120 | D:2      | Found an opulent altar of Gozag.
  1122 | D:2      | Found a deep blue altar of Sif Muna.
  1122 | D:2      | Found a snail-covered altar of Cheibriados.
  1196 | D:2      | XOM: silly message
  1699 | D:3      | Noticed a giant frog
  1709 | D:3      | Slain by a giant frog

Action                   || total
-------------------------++-------
Melee: Falchion          ||    96
  Eat: Chunk             ||     1
